Cogmind - Beta 17.1 @@@ ROGUE MODE // 2026.09.04 @ 20:18:54 Player: UnderDoug Result: Destroyed by Triborg with Siege Cannon Performance ------------- Evolutions (0) 0 Regions Visited (3) 600 Robots Destroyed (24) 120 Value Destroyed (393) 393 Prototype IDs (21) 420 Alien Tech Used (0) 0 Bonus (8293) 8293 TOTAL SCORE: 9826 Bonus ------- Follower Combat Kills 30 Prayed to X0-1V1 5000 Major X0-1V1 Interference 3000 Registered with UFD 300 Friendly Fire -37 Cogmind --------- Core Integrity 0/200 Matter 290/300 Energy 97/125 System Corruption 0% Temperature Cool (0) Movement Treading (160) Ox1 Location -9/Scraptown Parts ------- > --- POWER (1) -------- Light Ion Engine > --- PROPULSION (2) --- Overtuned Medium Treads > --- UTILITY (2) ------ Large Storage Unit X0-1V1's Piety Tracker > --- WEAPON (2) ------- Assault Rifle Mace > --- INVENTORY (15) --- Flightbrick Scrap Suit Improved Terrain Scanner Seismic Detector ECM Suite Recalibrator Mapping Drone Bay (3/3) Grenade Launcher Mining Laser Mace Peak State ------------ > --- POWER ------------ Light Fission Core > --- PROPULSION ------- Spiked Treads Overtuned Medium Treads > --- UTILITY ---------- Large Storage Unit X0-1V1's Piety Tracker > --- WEAPON ----------- Assault Rifle Mace > --- INVENTORY -------- Light Ion Engine Flightbrick Scrap Suit Improved Terrain Scanner Seismic Detector ECM Suite Recalibrator Mapping Drone Bay Grenade Launcher Mining Laser Mace [Rating: 36] Favorites ----------- Power Light Ion Engine Engine Light Ion Engine Power Core Light Fission Core Propulsion Aluminum Leg Treads Spiked Treads Leg Aluminum Leg Utility Large Storage Unit Device X0-1V1's Piety Tracker Storage Large Storage Unit Weapon Mace Energy Gun Medium Laser Ballistic Gun Assault Rifle Launcher Grenade Launcher Special Weapon Mining Laser Impact Weapon Mace Build | -11 -10 -10 -9 ------- Run | Yrd Mat Sub Scr Slots Evolved . | . . . . Power . | . . . . Propulsion . | . . . . Utility . | . . . . Weapon . | . . . . Parts Attached 32 | 8 17 5 2 Power 6 | 1 3 1 1 Engine 5 | 1 3 1 . Core 1 | . . . 1 Reactor . | . . . . Propulsion 10 | 2 5 2 1 Treads 4 | . 1 2 1 Leg 6 | 2 4 . . Wheel . | . . . . Hover . | . . . . Flight . | . . . . Utility 7 | 2 5 . . Device 4 | 1 3 . . Storage 3 | 1 2 . . Processor . | . . . . Hackware . | . . . . Protection . | . . . . Artifact . | . . . . Weapon 9 | 3 4 2 . Energy Gun 1 | 1 . . . Energy Cannon . | . . . . Ballistic Gun 3 | 2 1 . . Ballistic Cannon . | . . . . Launcher 2 | . 1 1 . Special Weapon 1 | . . 1 . Impact Weapon 2 | . 2 . . Slashing Weapon . | . . . . Piercing Weapon . | . . . . Special Melee Weapon . | . . . . Unidentified Prototypes 1 | . 1 . . Corrupted Parts 1 | . 1 . . System Corruption 4 | . 4 . . Parts Lost 7 | . 4 1 2 Power 4 | . 2 1 1 Propulsion 3 | . 2 . 1 Utility . | . . . . Weapon . | . . . . Highest Loss Streak 2 | . 2 1 1 To Critical Strikes . | . . . . Average Backups 11 | 4 11 14 11 Power 1 | . 1 1 1 Propulsion 2 | 2 2 2 1 Utility 3 | . 1 3 4 Weapon 5 | . 5 6 4 Tool/Special . | . . . . Unused Backups 9 | 1 2 . 6 Power . | . . . . Propulsion 3 | . 1 . 2 Utility 4 | 1 . . 3 Weapon 2 | . 1 . 1 Tool/Special . | . . . . Average Slot Usage (%) 98 | . 95 99 99 Engine 6 | . 10 13 1 Core 6 | . . . 12 Treads 14 | . 3 2 27 Leg 12 | . 24 25 . Device 14 | . 14 14 14 Storage 14 | . 14 14 14 Ballistic Gun 11 | . 14 4 12 Launcher 3 | . 3 9 1 Impact Weapon 12 | . 9 14 14 Peak Build Rating 36 | 9 21 26 36 Average Rating 21 | 6 8 21 31 On Entrance 14 | . 9 21 26 Avg Prop Armor Cover (%) 11 | . 12 . 11 Naked Turns . | . . . . Heaviest Build 33 | 12 28 29 33 Greatest Support 45 | 20 20 40 45 Greatest Overweight (x) 10 | . 9 1 10 Average Overweight (x) . | . . . . Largest Inventory Capacity 15 | 8 15 15 15 Average Capacity 14 | 7 13 15 15 Most Carried 15 | 8 15 15 15 Average Carried 13 | 5 11 14 14 Final Capacity 15 | 8 15 15 15 Final Carried 15 | 8 15 15 14 Class Distribution -------------------- 82% | Mutant 17% | Scavenger-Mutant Dominant Class ---------------- Mutant | -10/Materials Mutant | -10/Subcaves Mutant | -9/Scraptown Resources | -11 -10 -10 -9 ----------- Run | Yrd Mat Sub Scr Matter Collected 856 | 284 308 116 148 Remotely . | . . . . Salvage Created 576 | 129 339 108 . Parts 42 | 11 24 7 . Haulers Intercepted . | . . . . Recyclers Shooed 1 | . 1 . . Parts Field Recycled . | . . . . Retrieved Matter . | . . . . Parts Self-Destructed 4 | . . 4 . Prevented . | . . . . Parts Restored . | . . . . Kills | -11 -10 -10 -9 ------- Run | Yrd Mat Sub Scr Combat Hostiles Destroyed 19 | . 14 5 . Melee 5 | . 2 3 . Guns 8 | . 7 1 . AOE 6 | . 5 1 . Classes Destroyed 6 | 2 3 1 . Tunneler 3 | 3 . . . Recycler 1 | 1 . . . Mechanic 1 | . 1 . . Swarmer 13 | . 9 4 . Grunt 5 | . 5 . . Subdweller 1 | . . 1 . Best Kill Streak 4 | 2 3 4 . Combat Bots Only 4 | . 3 4 . Max Kills in Single Turn 3 | 1 3 1 . Gunslinging . | . . . . Exploded 3 | . 3 1 . Melee 1 | . 1 1 . Uniques/NPCs Destroyed . | . . . . Combat | -11 -10 -10 -9 -------- Run | Yrd Mat Sub Scr Hostile Shots Fired 144 | . 106 33 5 Missed 37 | . 28 9 . Hits 107 | . 78 24 5 Projectile 107 | . 78 24 5 Critical Strikes 2 | . . 2 . Damage Taken 1481 | . 832 219 430 Core 292 | . 205 34 53 Absorbed by Shields . | . . . . Core Remaining (%) 100 | 100 . . . Volleys Fired 103 | 11 85 7 . Largest 2 | 2 2 1 . Hottest 100 | 40 50 100 . Shots Fired 118 | 22 87 9 . Gun 112 | 22 85 5 . Cannon . | . . . . Launcher 4 | . 2 2 . Special 2 | . . 2 . Kinetic 112 | 22 85 5 . Thermal 2 | . . 2 . Explosive 4 | . 2 2 . Electromagnetic . | . . . . Robot Hit Streak 13 | 7 13 3 . Robot Miss Streak 5 | 1 3 5 . Penetration Max . | . . . . Secondary Targets . | . . . . Shots Hit Robots 86 | 15 64 7 . Core Hits 34 | 5 24 5 . Critical Kills 2 | . 1 1 . Critical Parts Destroyed 2 | . 1 1 . Critical Strikes 4 | . 2 2 . Smash 4 | . 2 2 . Melee Attacks 15 | . 8 7 . Impact 15 | . 8 7 . Slashing . | . . . . Piercing . | . . . . Sneak Attacks . | . . . . Combat Hostiles . | . . . . Follow-up Attacks . | . . . . Damage Inflicted 1351 | 170 915 266 . Guns 639 | 170 452 17 . Cannons . | . . . . Explosions 330 | . 236 94 . Melee 382 | . 227 155 . Ramming . | . . . . Kinetic 639 | 170 452 17 . Thermal . | . . . . Explosive 330 | . 236 94 . Electromagnetic . | . . . . Impact 382 | . 227 155 . Slashing . | . . . . Piercing . | . . . . Highest Corruption 4 | . 4 4 . Average Corruption 4 | . 4 4 . Corruption Purged . | . . . . Corruption Blocked . | . . . . Effects 50 | . 25 25 . Message Errors 7 | . 3 4 . Matter Fused 14 | . 6 8 . Heat Flow Errors 8 | . 7 1 . Energy Discharges 11 | . 6 5 . Parts Fused 1 | . . 1 . Data Loss (minor) 6 | . 3 3 . Misfires 2 | . . 2 . Alerts 1 | . . 1 . Overload Shots . | . . . . Overflow Damage 112 | . 46 66 . Projectiles . | . . . . Explosions 3 | . 3 . . Melee 109 | . 43 66 . Knockbacks . | . . . . Impact . | . . . . Kinetic . | . . . . Secondary . | . . . . Self-Inflicted Damage 31 | . . 31 . Shots 1 | . . 1 . Rammed . | . . . . Targets Rammed . | . . . . Kicked . | . . . . Crushed . | . . . . Highest Temperature 250 | . 250 101 . Average Temperature 106 | . 107 62 . Received Heat Transfer 360 | . 318 42 . Siege Activations . | . . . . Martial Activations . | . . . . Shielding Activations . | . . . . Robots Disrupted . | . . . . Combat Hostiles . | . . . . Robots Corrupted . | . . . . Combat Hostiles . | . . . . Parts Fried 1 | . . 1 . Impact Corruptions 4 | . 2 2 . Robots Melted . | . . . . Combat Hostiles . | . . . . Parts Melted . | . . . . Heat Transferred . | . . . . Parts Sabotaged . | . . . . Parts Stolen . | . . . . Parts Stripped . | . . . . Power Chain Reactions . | . . . . Alert | -11 -10 -10 -9 ------- Run | Yrd Mat Sub Scr Maximum Alert Level . | . . . . Low Security (%) 100 | 100 100 . . Level 1 . | . . . . Level 2 . | . . . . Level 3 . | . . . . Level 4 . | . . . . Level 5 . | . . . . High Security . | . . . . Max Security . | . . . . Peak Influence 129 | 5 129 . . Initial 3 | . 3 . . Average 28 | 2 30 . . Influence Increases 616 | 20 426 170 . Destroy 0b10 Robot/C 360 | . 280 80 . Destroy 0b10 Robot/NC 25 | 20 5 . . Destroy Leader 60 | . 60 . . Successful Hack 18 | . 18 . . Destroy Structure 18 | . 18 . . Lose Combat Pursuer 135 | . 45 90 . Influence Decreases 616 | 15 431 170 . Entered New Map 2 | . 2 . . Time Decay 594 | 15 409 170 . Lost Part 20 | . 20 . . Squads Dispatched 2 | . 2 . . Investigation 1 | . 1 . . Extermination . | . . . . Reinforcement 1 | . 1 . . Assault . | . . . . Garrison . | . . . . Intercept . | . . . . Searches Triggered . | . . . . Construction Impeded . | . . . . Haulers Reinforced . | . . . . Active Scanning Responses . | . . . . Cargo Convoy Interrupts . | . . . . Stealth | -11 -10 -10 -9 --------- Run | Yrd Mat Sub Scr Distress Signals . | . . . . Communications Jammed . | . . . . Distress Signals . | . . . . Times Spotted 36 | . 26 4 6 Peak Tracking Total 11 | . 4 5 11 Tactical Retreats 3 | . 1 2 . Traps | -11 -10 -10 -9 ------- Run | Yrd Mat Sub Scr Traps Triggered 4 | . 3 1 . Indirectly . | . . . . Trap Hack Attempts . | . . . . Triggered . | . . . . Disarmed . | . . . . Reprogrammed . | . . . . Reused . | . . . . Traps Extracted . | . . . . Installed . | . . . . Triggered . | . . . . Machines | -11 -10 -10 -9 ---------- Run | Yrd Mat Sub Scr Machines Disabled 2 | . . 1 1 Max in Single Turn 1 | . . 1 . Machines Repaired . | . . . . Machines Dismantled . | . . . . Machines Sabotaged . | . . . . Overloaded Fab Kills . | . . . . Hacking | -11 -10 -10 -9 --------- Run | Yrd Mat Sub Scr Machines Accessed 15 | . 8 1 6 Terminals 5 | . 5 . . Fabricators . | . . . . Repair Stations 1 | . 1 . . Recycling Units 2 | . 2 . . Scanalyzers . | . . . . Garrison Access . | . . . . Total Hacks 41 | . 11 1 29 Successful 38 | . 8 1 29 Failed 3 | . 3 . . Catastrophic . | . . . . Database Lockouts . | . . . . Manual 8 | . 8 . . Terminals 7 | . 7 . . Fabricators . | . . . . Repair Stations 1 | . 1 . . Recycling Units 3 | . 3 . . Scanalyzers . | . . . . Garrison Access . | . . . . Terminal Hacks 30 | . . 1 29 Record 21 | . . . 21 Robot Analysis 7 | . . . 7 Proto ID Catalog 2 | . . 1 1 Fabricator Hacks . | . . . . Repair Station Hacks . | . . . . Recycling Unit Hacks 3 | . 3 . . Report Inventory 2 | . 2 . . Retrieve Components 1 | . 1 . . Scanalyzer . | . . . . Garrison Access Hacks . | . . . . Unauthorized Hacks 5 | . 5 . . Terminals 5 | . 5 . . Skim 5 | . 5 . . Fabricators . | . . . . Repair Stations . | . . . . Recycling Units . | . . . . Scanalyzers . | . . . . Garrison Access . | . . . . Data Cores Recovered . | . . . . Used . | . . . . Hacking Detections 4 | . 4 . . Full Trace Events . | . . . . Feedback Events . | . . . . Feedback Blocked . | . . . . Robot Schematics Acquired . | . . . . Robots Built . | . . . . Authchips . | . . . . Time . | . . . . Total Robot Build Rating . | . . . . Part Schematics Acquired . | . . . . Parts Built . | . . . . Authchips . | . . . . Time . | . . . . Total Part Build Rating . | . . . . Part Studies Acquired . | . . . . Parts Repaired . | . . . . Time . | . . . . Parts Recycled . | . . . . Recycled Matter . | . . . . Retrieved Matter . | . . . . Retrieved Components 9 | . 9 . . Parts Scanalyzed . | . . . . Part Schematics Acquired . | . . . . Parts Damaged . | . . . . Bothacking | -11 -10 -10 -9 ------------ Run | Yrd Mat Sub Scr Used RIF Installer . | . . . . Robots Hacked . | . . . . Non-combat . | . . . . Combat . | . . . . Robot Hacks Applied . | . . . . Relay Couplers Released . | . . . . Fabnet Peak Effective % . | . . . . Robots Rewired . | . . . . Allies Hacked . | . . . . Hacks Repelled . | . . . . Allies | -11 -10 -10 -9 -------- Run | Yrd Mat Sub Scr Total Allies 1 | . . . 1 Largest Group 1 | . . . 1 Highest-Rated Group 464 | . . . 464 Highest-Rated Ally 464 | . . . 464 Total Orders . | . . . . Ally Attacks 4 | . . . 4 Total Damage 406 | . . . 406 Kills 1 | . . . 1 Allies Corrupted . | . . . . Allies Melted . | . . . . X0-1V1 Amusement Gains 9 | . 9 . . Average Entertainment 4 | . 9 5 4 Good Acts 4 | . . 4 . Bad Acts 3 | . . 3 . Intel | -11 -10 -10 -9 ------- Run | Yrd Mat Sub Scr Active Infowar (turns) 1831 | 34 1797 . . Terrain 112 | 34 78 . . Seismic 1224 | . 1224 . . ECM 495 | . 495 . . Robot Analysis Total 7 | . . . 7 Derelict Logs Recovered . | . . . . Drone Launches . | . . . . Drone Recoveries . | . . . . Exploration | -11 -10 -10 -9 ------------- Run | Yrd Mat Sub Scr Turns Passed 5539 | 119 1802 998 2620 Spaces Moved 2729 | 61 724 502 1442 Core 11 | 8 2 . 1 Treads 1521 | . 21 59 1441 Legs 1197 | 53 701 443 . Wheels . | . . . . Hover . | . . . . Flight . | . . . . Fastest Speed 50 | 50 120 160 150 Average Speed 181 | 110 187 186 179 Slowest Speed 550 | 120 500 190 550 Overloaded Moves . | . . . . Propulsion Burnouts . | . . . . Robots Hopped . | . . . . Potential Cave-ins . | . . . . Cave-ins Triggered . | . . . . Exploration Rate (%) 52 | 3 92 26 89 Regions Visited 3 Branch Regions 2 Pre-discovered Areas 2 | . 2 . . Known Exits Taken . | . . . . Unknown Exits Taken 3 | 1 1 1 . Scrap Searched 3 | . . . 3 Spaces Dug . | . . . . Terrain Destroyed 29 | . 16 13 . Melee . | . . . . Projectile . | . . . . AOE 29 | . 16 13 . Terrain Rammed . | . . . . Walls Destroyed . | . . . . Machines Disabled . | . . . . Actions | -11 -10 -10 -9 --------- Run | Yrd Mat Sub Scr Total 3188 | 89 1087 541 1471 Wait 250 | . 221 13 16 Move 2726 | 60 723 501 1442 Hop . | . . . . Pick Up 31 | 9 17 2 3 Fast Attach 9 | 7 2 . . Attach 9 | . 5 3 1 Detach 1 | . 1 . . Swap 23 | 1 15 4 3 Drop 21 | 1 10 4 6 Fire 103 | 11 85 7 . Melee 15 | . 8 7 . Ram . | . . . . Kick . | . . . . Crush . | . . . . Escape Stasis . | . . . . Rewire . | . . . . Trap . | . . . . Miscellaneous . | . . . . Route ------- -11/Scrapyard -10/Materials (discovered 6 exits: [*Mat x3] / [*Min x2] / *Sub) -10/Subcaves (discovered 3 exits: Mat / Rec / *Scr) -9/Scraptown (discovered 1 exit: [*Fac]) History --------- Turn | Location | Event 5 | -11/Scrapyard | Discovered new exit (range 15) 120 | -11/Scrapyard | Entered Materials 299 | -10/Materials | Discovered new exit (range 9) 314 | -10/Materials | Build established: Mutant 491 | -10/Materials | Discovered new exit (range 3) 1007 | -10/Materials | Discovered new exit (range 9) 1030 | -10/Materials | Discovered new exit (range 16) 1127 | -10/Materials | Discovered new exit (range 16) 1295 | -10/Materials | Discovered new exit (range 15) 1335 | -10/Materials | Core integrity fell below 50% 1394 | -10/Materials | Core integrity fell below 20% 1559 | -10/Materials | Build established: Scavenger-Mutant 1730 | -10/Materials | Learned location of Mines (-9) 1759 | -10/Materials | Loaded intel: 3 trap records 1784 | -10/Materials | Learned Materials stockpile data 1786 | -10/Materials | Learned Storage terminal intel 1807 | -10/Materials | Learned location of Subcaves (-10) 1913 | -10/Materials | Prayed at D.C.S.S. Altar Unit 1922 | -10/Materials | Entered Subcaves 1923 | -10/Subcaves | Approached by a straggling Scientist 1923 | -10/Subcaves | Identified exit to Materials 2364 | -10/Subcaves | Melee accuracy permanently improved by X0-1V1 (+5%; -50 max core) 2370 | -10/Subcaves | A swath of the cavern ceiling suddenly collapsed 2389 | -10/Subcaves | X0-1V1 tapped a No Entrance sign 2517 | -10/Subcaves | Build established: Mutant 2585 | -10/Subcaves | Scientist uncovered a shortcut to Scraptown 2677 | -10/Subcaves | X0-1V1 activates XOMVISION 2791 | -10/Subcaves | Identified exit to Recycling 2791 | -10/Subcaves | X0-1V1 revealed exit location to -9/Recycling 2799 | -10/Subcaves | Visited 4L-MR0's lab 2825 | -10/Subcaves | Found Flightbrick 2920 | -10/Subcaves | Entered Scraptown 2920 | -9/Scraptown | System corruption cleaned by C-Scrubber 3154 | -9/Scraptown | Heard Great Nut preacher, LISTEN AND RECITE! 3474 | -9/Scraptown | Discovered new exit (range 3) 3626 | -9/Scraptown | Visited Cyclists 3674 | -9/Scraptown | Visited Awakened 3701 | -9/Scraptown | Visited The Evicted 3759 | -9/Scraptown | Visited UFD Registry 3759 | -9/Scraptown | Registered with UFD as "Flashdisc" 3771 | -9/Scraptown | Visited Symbiants 3861 | -9/Scraptown | Visited Assassins FH 3887 | -9/Scraptown | Visited Fellowship of the Rings 3928 | -9/Scraptown | Visited Red Mages 4013 | -9/Scraptown | Entered Cyclist Reading Room 4155 | -9/Scraptown | Visited LU-1G1's Boring Crew 4232 | -9/Scraptown | Visited Science Guys 4291 | -9/Scraptown | Visited Chapter 10 4520 | -9/Scraptown | Visited Analyses Database 4555 | -9/Scraptown | Visited Scrap Suit Storage 4608 | -9/Scraptown | Visited Modified Component R&D 4695 | -9/Scraptown | Found Scrap Suit 4731 | -9/Scraptown | Visited Supply Room 4759 | -9/Scraptown | Visited Abandonware Association 4788 | -9/Scraptown | Learned abandonware demo "ERRANTS.EXE" 4788 | -9/Scraptown | Learned abandonware demo "KABOOM.EXE" 4850 | -9/Scraptown | Visited Cartography Club 5387 | -9/Scraptown | X0-1V1 brought Wyrm Statue to life 5387 | -9/Scraptown | Attacked by Scraptown defenders 5540 | -9/Scraptown | Destroyed by Triborg with Siege Cannon Last Messages --------------- Machine disabled. Z6-S52(x) destroyed. The unstable cave ceiling collapses. Acquired 10 matter. The unstable cave ceiling collapses. ANNOUNCEMENT: Triborg tracking relay activated. Stay clear or you only have yourself to blame! Penetrated by Siege Slug. Spk. Treads destroyed. X0-1V1 is getting bored... Triborg activates siege mode. Siege Slug penetrates Wall. Machine disabled. Siege Slug penetrates Machine. Penetrated by Siege Slug. Lgt. Fission Core destroyed. Siege Slug penetrates Wall. Siege Slug penetrates Machine. Machine disabled. X0-1V1 chuckles heartily! Map ----- +----------------------------------------------------+ | ????# #?#" "# #?????????# # | | ????# #?#" "# #?????????# ##### | | ????# #?##""""""""""## #?????????# | | ????# #??#" "## #?????????# # """ | | ????# #??## ### #?????????# # "#" | | ????# #???# #?# #?????????# # """ | | ????###########????#########?# #?????????# # | | ?????????????????????????????# #?????????####### | | ??????????????????############ #???????????????? | | ??????????????????#""""""""""" #???????#######?# | | ??????????????????#""""" """"" #???????? ?# | | #???????????#######"""" " "" #????????""""" ## | | #???????????# #????????""""" | | ????###??#### #####"" "" "" " #????????""""" | | ????"""??#""" "#??#""""""""""" #????????""""" | | ???"" ""?#""" "#??#""""""""""" #????????""""" ## | | ???"" "?#""" "#??############ #???????? ?# | | ??#" ""##"" "#?############# #???????#######?# | | ??#"" ""##"" "#?#"""""""""""# j%#???????????????? | | ??#"" ""##"| "#?#"" !!!]! "# x #???????????????? | | ??#"" ""##"| "#?#""!! = ] "#TTx#???????????????? | | ??#" ""##"" "#?#"" ";TT #???????????????? | | ###"" ""##"" ""###""" """""" ; j #???????????????? | | DD #???????????????? | | DD %#???????????????? | | ####""" """##"""@ "#####???????????????? | | #??#"" |"##"" "#???????????????????? | | % #??#" ""##"" % "#???????????????????? | | # #??#" ""##" "#???????????????????? | | #??#" "#???????????????????? | | " ##??#"""""""#;"""""""#???????????????????? | | ## # ##???##################???????????????????? | | | | | | | | | | | | | | | | | | | | | | | | | | | | | | | | | | | | | +----------------------------------------------------+ Best States ------------- Heat Dissipation 25 Energy Generation 18 Energy Capacity 960 Matter Stores 300 Matter Capacity 300 Sight Range 16 Terrain Scan Range 16 Terrain Scan Density 10 ECM Strength 1 Evasion (%) 55 Recoil Reduction 2 Item Schematics ----------------- None Robot Schematics ------------------ None Fabricated ------------ Nothing Repaired ---------- Nothing Studied --------- None Alien Tech Used ----------------- None Achievements -------------- Armchair Analyst Maybe Next Time I'll Detach My Launcher Challenges ------------ None Game ------ Seed BeamBackdoorRocket Manual? 0 Play Time 00:40:39 Cumulative 17.9 hours Start 2026.09.04 @ 19:01:29 End 2026.09.04 @ 20:18:54 Sessions 1 Manual Loads 0 Difficulty Rogue Special Mode None Game No. 35 Rogue 35 Adventurer 0 Explorer 0 Win Type - Total 0 Types 0/0/0/0/0/0/0/0/0/0 Lore% 30 Gallery% 17 Achievement% 16 Wizard Run 0 Options --------- Layout 1 ASCII 0 Keyboard 0 Movement Mouse Keybinds 0 Fullscreen 2 Font 24/X11 Map View 50x35 Zoom Use 0% Tactical HUD 0 Map Filters NONE Filters NONE Steam 1 RUN: f3c71671-157f-43ae-bf49-6290900165b6